[Event "GEO-AZE Women Match 2024"]
[Site "Tbilisi"]
[Date "2024.02.27"]
[Round "1.1"]
[White "Mammadzada, Gunay"]
[Black "Khotenashvili, Bella"]
[Result "0-1"]
[ECO "E06"]
[WhiteElo "2449"]
[BlackElo "2467"]
[Annotator "TA"]
[PlyCount "94"]
[EventDate "2024.02.26"]
[EventType "team-tourn"]
[EventCountry "GEO"]
[SourceTitle "playchess.com"]
[Source "ChessBase"]
[SourceQuality "1"]
[WhiteTeam "Azerbaijan"]
[BlackTeam "Georgia"]
[WhiteTeamCountry "AZE"]
[BlackTeamCountry "GEO"]
[TimeControl "40/5400+30:1800+30"]

1. Nf3 d5 2. d4 Nf6 3. c4 e6 4. g3 Be7 5. Bg2 O-O 6. O-O a5 7. Qc2 Nc6 8. a3 dxc4 9. Qxc4 {[%emt 0:01:40] White is slightly better.} a4 10. Nc3 Bd7 11. Bf4 (11. Nxa4 $2 {is the wrong capture.} b5 (11... Nxd4 12. Nc3 $14) 12. Qd3 (12. Qxb5 $2 Nxd4 13. Qd3 Nxf3+ 14. Qxf3 Rxa4 $19) 12... bxa4 $19 (12... Rxa4 $2 13. b3 $19)) 11... Na5 12. Qd3 Nd5 13. Rad1 Nxf4 14. gxf4 Ra6 ({Black should try} 14... b5 $11) 15. Ne5 $14 Rb6 (15... Rd6 $14) 16. Rb1 (16. Qc2 $16) 16... Rb3 17. Rfd1 Bd6 18. Be4 f5 19. Bg2 Kh8 20. e3 Qe8 21. d5 (21. Qc2 $14) 21... Bc8 (21... Bxe5 $11 22. fxe5 c6) 22. Qd4 (22. Nf3 $16) 22... b5 $1 23. Qa7 Bxe5 24. fxe5 Nc4 25. Qxc7 Nxb2 26. Rdc1 {[%emt 0:01:40] [#]} (26. Rd4 $14 {stays ahead.}) 26... Nc4 (26... f4 $1 $17 {aiming for ...Nd3.} 27. exf4 Nd3) 27. Rxb3 (27. Nxa4 $11 Rxb1 28. Rxb1) 27... axb3 $15 28. Rb1 b2 {[%emt 0:00:33] Hoping for ...f4.} 29. d6 {[%emt 0:00:55][%cal Oa3a4] And now a4! would win.} Nxe5 (29... f4 {feels hotter.} 30. Qe7 fxe3 31. fxe3 Bd7) 30. Rxb2 Bd7 31. Nxb5 $2 {[%emt 0:03:36] [#] White is now going downhill.} Bxb5 $19 32. Qc5 Nd3 $1 33. Qxb5 Nxb2 34. Qxb2 {[%emt 0:00:05][%mdl 4096] Endgame. KQR-KQB} Qd7 35. Qe5 Rd8 36. a4 Qxd6 ({Weaker is} 36... Qxa4 37. Qxe6 Qd1+ 38. Bf1 $17) 37. Qxd6 Rxd6 {[%emt 0:00:01] KR-KB} 38. Bf1 Rd1 39. a5 Ra1 40. a6 g5 41. Kg2 e5 42. f3 $2 (42. Bb5) 42... Kg7 {[%emt 0:05:17] Black is clearly winning.} 43. Bd3 Kf6 44. Bc4 Ra4 45. Bb5 Ra2+ 46. Kg3 Ra3 47. Kf2 h5 {[%emt 0:17:05] Weighted Error Value: White=0.39/Black=0.15 (very precise) .  Loses game:     	White=1     	---        Mistake:       	White=6     	Black=4      Inaccurate:     	White=1     	---        OK:         	White=15    	Black=19     Best:        	White=1     	Black=4      Strong:       	---       	Black=1} 0-1

[Event "GEO-AZE Women Match 2024"]
[Site "Tbilisi"]
[Date "2024.02.27"]
[Round "1.2"]
[White "Fataliyeva, Ulviyya"]
[Black "Arabidze, Meri"]
[Result "0-1"]
[ECO "C79"]
[WhiteElo "2384"]
[BlackElo "2466"]
[Annotator "TA"]
[PlyCount "96"]
[EventDate "2024.02.26"]
[EventType "team-tourn"]
[EventCountry "GEO"]
[SourceTitle "playchess.com"]
[Source "ChessBase"]
[SourceQuality "1"]
[WhiteTeam "Azerbaijan"]
[BlackTeam "Georgia"]
[WhiteTeamCountry "AZE"]
[BlackTeamCountry "GEO"]
[TimeControl "40/5400+30:1800+30"]

1. e4 e5 2. Nf3 Nc6 3. Bb5 a6 4. Ba4 Nf6 5. O-O d6 6. Bxc6+ bxc6 7. Re1 Bg4 8. d4 Nd7 (8... exd4 {seems wilder.} 9. Qxd4 Bxf3 10. e5 dxe5 11. Qxe5+ Be7) 9. h3 {[%emt 0:03:57] White is slightly better.} Bxf3 10. Qxf3 exd4 11. c3 c5 12. Qg3 (12. Qd1 $11) 12... g6 $15 13. cxd4 cxd4 14. e5 dxe5 $19 15. Bf4 ({Don't blunder} 15. Rxe5+ $2 Nxe5 16. Qxe5+ Qe7 $19) (15. Na3 $142 Bg7 16. f4) 15... f6 16. Qb3 Nb6 17. Nd2 Bg7 (17... Qd5 $19 {Strongly threatening ...Qxb3.} 18. Bg3 (18. Bxe5 $2 fxe5 19. Qxd5 Nxd5 $19) 18... Qxb3 19. Nxb3 O-O-O) 18. Bg3 $17 Qd5 {[%emt 0:07:01] Hoping for ...Bh6.} 19. f4 Qxb3 20. Nxb3 O-O-O {[%emt 0:00:42] ...Rhe8 is the strong threat.} 21. fxe5 fxe5 22. Nc5 $2 {[%emt 0:00:10] This move loses the game for White.} (22. Bxe5 $17 {was the only chance.} Bxe5 23. Rxe5) 22... Rhe8 $19 23. Nxa6 d3 {[%emt 0:04:20] White must now prevent ...d2.} 24. Rac1 (24. Rad1 {is a better defense.}) 24... Nd5 25. Red1 d2 26. Rc4 (26. Rxd2 {might work better.} Bh6 27. Rdc2 Be3+ 28. Kh2 Bxc1 29. Rxc1) 26... Bh6 {[%emt 0:00:12] ...Rd6 would now be deadly.} 27. b4 Re7 {[%emt 0:03:36] And now ...Ne3 would win.} 28. Bh4 Be3+ 29. Kf1 g5 30. Bg3 Bf4 31. Bf2 e4 32. Bc5 Re6 33. b5 e3 {[%emt 0:01:46] ( -> ...e2+)} 34. Ke2 Bd6 35. Bxd6 Rdxd6 36. Nc5 Re8 37. g3 {[%emt 0:00:46] Inhibits Nf4+.} (37. Nd3) 37... h5 38. Nd3 {[%emt 0:00:57] [#]} h4 $1 39. gxh4 gxh4 40. Rg1 Nb6 $2 (40... Rf6 {aiming for ...Ref8.} 41. a4 Rf3 42. Kxf3 e2) 41. Rc2 $2 (41. Rcg4) 41... Rd4 {[%emt 0:04:47] Threatens to win with ...Nd5.} 42. Rc3 Nd5 43. Ra3 {[%emt 0:00:52] [#]} Ra4 $3 44. Rb3 (44. Rxa4 Nc3+) 44... Rxa2 45. b6 cxb6 46. Rg4 Ra1 {[%emt 0:01:00][%csl Ga1][%cal Rd2d1] Black mates.} 47. Rc4+ Kb8 48. Nb2 Re1+ {[%emt 0:00:22] Weighted Error Value: White=0.96/Black=0.44.  Loses game:     	White=1     	---        Mistake:       	White=5     	Black=1      Inaccurate:     	White=2     	Black=2      OK:         	White=6     	Black=9      Best:        	White=2     	Black=4} 0-1

[Event "GEO-AZE Women Match 2024"]
[Site "Tbilisi"]
[Date "2024.02.27"]
[Round "1.3"]
[White "Beydullayeva, Govhar"]
[Black "Batsiashvili, Nino"]
[Result "1-0"]
[ECO "E11"]
[WhiteElo "2374"]
[BlackElo "2451"]
[Annotator "TA"]
[PlyCount "153"]
[EventDate "2024.02.26"]
[EventType "team-tourn"]
[EventCountry "GEO"]
[SourceTitle "playchess.com"]
[Source "ChessBase"]
[SourceQuality "1"]
[WhiteTeam "Azerbaijan"]
[BlackTeam "Georgia"]
[WhiteTeamCountry "AZE"]
[BlackTeamCountry "GEO"]
[TimeControl "40/5400+30:1800+30"]

1. d4 Nf6 2. c4 e6 3. Nf3 Bb4+ 4. Nbd2 O-O 5. a3 Be7 6. g3 d6 7. Bg2 a5 8. O-O Nc6 9. Nb1 e5 10. Nc3 Bg4 11. d5 Nb8 12. h3 Bd7 13. e4 Na6 14. Be3 Ne8 15. Nd2 Bg5 16. f4 Bh6 17. Qe2 Qe7 18. Nf3 f5 19. fxe5 fxe4 20. Nxe4 Bxe3+ 21. Qxe3 dxe5 22. c5 Bf5 23. Nfg5 Bxe4 24. Rxf8+ Qxf8 25. Nxe4 Nf6 26. Rf1 Kh8 27. d6 c6 28. g4 Qg8 29. Nxf6 gxf6 30. Rxf6 Qc4 31. Qh6 Nxc5 32. Rf8+ Rxf8 33. Qxf8+ Qg8 34. Qf6+ Qg7 35. Qd8+ Qg8 36. Qe7 Qc4 37. Qxe5+ Kg8 38. Qe8+ Kg7 39. Qe7+ Kg6 40. Qe5 a4 (40... Qc1+ $142 41. Bf1 b5) 41. Kh2 $18 Kf7 42. Kg3 h6 43. Bf3 Ne6 44. Qf5+ (44. Be4 $142) 44... Kg7 $18 45. d7 Qb3 46. h4 Qe3 47. Qxe6 Qxe6 48. d8=Q (48. d8=R Qe5+ 49. Kh3 Qxb2 $19) 48... Qe5+ 49. Kh3 Qxb2 50. Qe7+ Kg8 51. h5 Qc1 52. Qe6+ (52. Qxb7 Qf1+ 53. Bg2 Qd3+ 54. Kh4 Qd8+ 55. Kg3 Qd6+ 56. Kf2 Qd2+ 57. Kf3 Qd5+ 58. Ke3 Qxg2 $11) 52... Kg7 53. Qe5+ (53. Qg6+ $142 Kf8 54. Qd6+ Kf7 55. Qd7+ Kf6 56. Qxb7) 53... Kf7 $18 54. Qf5+ Ke7 55. Qe4+ Kf7 56. Qxa4 Qf1+ 57. Bg2 Qd3+ 58. Kh2 Qd6+ 59. Kh1 Kf6 60. Qb3 Kg5 61. Qf3 ({Weaker is} 61. Qxb7 Qd1+ 62. Kh2 Qd6+ 63. Kh1 (63. Kg1 Qd4+ 64. Kf1 Qd1+ 65. Kf2 Qd2+ 66. Kg1 Qd4+ 67. Kf1 Qd1+ 68. Kf2 Qd2+ 69. Kf3 Qd3+ 70. Kf2 Qd2+ $11) 63... Qd1+ 64. Kh2 Qd6+ 65. Kh3 (65. Kg1 Qd4+ 66. Kf1 Qd1+ 67. Kf2 Qd2+ 68. Kf3 Qd3+ 69. Kf2 Qd2+ 70. Kf3 Qd3+ 71. Kf2 Qd2+ $11) 65... Qd3+ 66. Kh2 Qd6+ $11) 61... Kh4 62. Bf1 b5 63. Kg2 Qe5 64. Be2 Qd6 65. Qf2+ Kg5 66. Qe3+ Kh4 67. Qf2+ (67. g5 $142 Qd5+ 68. Kh2 Qd6+ 69. Kg1 Qc7 70. gxh6 c5 71. h7 (71. Bxb5 c4 $18) (71. Qe4+ Kg5 72. Qg4+ Kf6 73. Qg6+ Ke7 74. Qg7+ Kd8 75. Qxc7+ Kxc7) 71... Qg7+ 72. Kh1) 67... Kg5 $18 68. Qg3 Qd4 69. Kh3 Qd5 70. Qe3+ Kf6 71. Qxh6+ Kf7 72. Qf4+ Ke7 73. Qf3 Qe5 74. Bd3 c5 75. Bxb5 Qg5 76. a4 Qd2 77. Qe2+ 1-0

[Event "GEO-AZE Women Match 2024"]
[Site "Tbilisi"]
[Date "2024.02.27"]
[Round "1.4"]
[White "Mammadova, Gulnar"]
[Black "Javakhishvili, Lela"]
[Result "1/2-1/2"]
[ECO "C67"]
[WhiteElo "2351"]
[BlackElo "2433"]
[Annotator "TA"]
[PlyCount "67"]
[EventDate "2024.02.26"]
[EventType "team-tourn"]
[EventCountry "GEO"]
[SourceTitle "playchess.com"]
[Source "ChessBase"]
[SourceQuality "1"]
[WhiteTeam "Azerbaijan"]
[BlackTeam "Georgia"]
[WhiteTeamCountry "AZE"]
[BlackTeamCountry "GEO"]
[TimeControl "40/5400+30:1800+30"]

1. e4 e5 2. Nf3 Nc6 3. Bb5 Nf6 4. O-O Nxe4 5. Re1 Nd6 6. Nxe5 Be7 7. Bf1 Nxe5 8. Rxe5 O-O 9. d4 Bf6 10. Re1 Re8 11. Bf4 Rxe1 12. Qxe1 Ne8 13. Nc3 Bxd4 14. Nd5 {[%emt 0:01:06] [#] Hoping for Qe4.} d6 15. Bg5 f6 16. Bh4 g5 17. Qe4 Bxb2 18. Re1 Be5 19. f4 $132 {[%emt 0:01:07][%mdl 2048] White is fighting back} gxh4 20. fxe5 dxe5 {[%emt 0:00:05] Threatens to win with ...c6.} 21. Bd3 $1 Bf5 22. Qxf5 Qxd5 23. Qxh7+ Kf8 24. Qh6+ Kf7 25. Qh5+ (25. Qh7+ Kf8 $16) 25... Kf8 26. Qh6+ Kf7 27. Bg6+ ({But not} 27. Qh7+ Kf8 $16) 27... Ke7 28. Qh7+ Kf8 $1 29. Qh6+ Ke7 30. Rf1 Qg8 {[%emt 0:08:18] aiming for ...Qg7.} 31. Bxe8 Rxe8 32. Qxf6+ Kd7 33. Qxh4 Kc8 34. Qh3+ {[%emt 0:01:30] A balanced but interesting game.   Weighted Error Value: White=0.01 (flawless) /Black=0.01 (flawless) .  OK:         	White=14    	Black=8      Best:        	White=2     	Black=4      Strong:       	White=1     	Black=1} 1/2-1/2

[Event "GEO-AZE Women Match 2024"]
[Site "Tbilisi"]
[Date "2024.02.27"]
[Round "1.5"]
[White "Balajayeva, Khanim"]
[Black "Melia, Salome"]
[Result "1-0"]
[ECO "B10"]
[WhiteElo "2350"]
[BlackElo "2355"]
[Annotator "TA"]
[PlyCount "79"]
[EventDate "2024.02.26"]
[EventType "team-tourn"]
[EventCountry "GEO"]
[SourceTitle "playchess.com"]
[Source "ChessBase"]
[SourceQuality "1"]
[WhiteTeam "Azerbaijan"]
[BlackTeam "Georgia"]
[WhiteTeamCountry "AZE"]
[BlackTeamCountry "GEO"]
[TimeControl "40/5400+30:1800+30"]

1. e4 c6 2. Nf3 d5 3. d3 g6 4. e5 Bg7 5. d4 f6 6. exf6 exf6 7. Be2 Ne7 8. O-O {[%emt 0:04:39] The position is equal.} O-O 9. Re1 Nf5 10. h3 Nd6 11. Bf4 a5 12. a4 Na6 13. Nbd2 Kh8 14. Bh2 Nc7 15. b3 Ne4 16. Bd3 f5 17. c4 ({Better is} 17. Be5 $11) 17... Ne6 $15 18. cxd5 cxd5 19. Be5 Bxe5 20. dxe5 (20. Nxe5 $15 Nxd4 21. Ndf3 Nxf3+ 22. Nxf3) 20... Qb6 21. Rf1 (21. Qe2 $142) 21... Ng3 ({Black should try} 21... Bd7 22. h4 Nf4) 22. Re1 $17 Ne4 (22... Bd7 $142) 23. Rf1 $1 Nf4 (23... Bd7 $142 24. Rc1 Nf4) 24. Bc2 (24. Bb5 $17 {might work better.}) 24... Be6 25. Nb1 d4 {[%emt 0:06:13][%cal Od4d3] [#] ...d3! is the strong threat.} 26. Nbd2 $2 (26. Ne1) 26... d3 $19 27. Bb1 Rac8 (27... Ne2+ $2 28. Kh2 N4c3 (28... Nxf2 29. Qe1 $11) 29. Qe1 $19) 28. Kh2 Nxf2 29. Qe1 Ne4 30. Nxe4 fxe4 31. Ng5 {[%emt 0:00:52] [#]} (31. Qxe4 Bd5 (31... Bxb3 $2 32. e6 $19) (31... Qxb3 32. Nd4 $11) 32. Qd4 Qxd4 (32... Qxb3 $2 33. e6+ Kg8 34. e7 $18) 33. Nxd4 Bxg2 (33... Nxg2 34. Rxf8+ Rxf8 35. Bxd3 $15) 34. Bxd3 Bxf1 (34... Nxd3 35. Rxf8+ Rxf8 36. Kxg2 $15) 35. Bxf1) 31... Qd4 $2 (31... e3 32. Qh4 Bg8 33. Rxf4 $11) (31... Nxg2 $19 32. Kxg2 Bd5 (32... Bxb3 33. e6 $17) (32... Rxf1 $2 33. Qxf1 Bf5 34. Qf2 $19)) 32. Qxe4 $17 Qxe4 ({Black should play} 32... Qxa1 $17 33. Rxf4 Bxb3 34. Bxd3 Rxf4 35. Qxf4 Kg8 (35... Qxa4 $2 {is the wrong capture.} 36. Qf6+ Kg8 37. e6 $18) 36. Nxh7 Kxh7 37. Bxg6+ (37. Qf6 $2 Rc6 $19) 37... Kxg6 38. Qf6+ Kh7 39. Qf5+ Kh8 (39... Kg7 40. Qg5+ Kf7 41. Qf6+ Ke8 42. Qh8+ $11) 40. Qh5+ Kg7 41. Qg5+ (41. Qg4+ Kh6 $11) 41... Kh7 42. Qf5+ Kh6 (42... Kg7 43. Qg4+ Kh8 44. Qxc8+ Bg8 45. Qf5 $11) 43. Qf6+ Kh7 44. Qf5+) 33. Nxe4 $11 d2 (33... Bxb3 $11 34. Nd6 Rc5 35. Bxd3 Rxe5) 34. Nxd2 $14 Rfd8 (34... b6 $14) 35. Ne4 $16 Nd3 {[%emt 0:00:33] Black cannot hold the game after this.} (35... Nd5 $16 {was worth a try.} 36. Nd6 Rb8) 36. Nd6 $18 Rc3 37. Rf3 ({Weaker is} 37. Nxb7 Rd5 $18) 37... Bf5 (37... Nxe5 38. Rxc3 Rxd6) 38. Nf7+ {[%emt 0:00:13] White is clearly winning.} Kg7 39. Nxd8 Rc1 40. Bxd3 {[%emt 0:00:00] Weighted Error Value: White=0.51/Black=0.55.  Missed win:     	---       	Black=1      Mistake:       	White=6     	Black=7      Inaccurate:     	---       	Black=1      OK:         	White=10    	Black=12     Best:        	White=2     	Black=1      Strong:       	White=1     	---} 1-0

[Event "GEO-AZE Women Match 2024"]
[Site "Tbilisi"]
[Date "2024.02.28"]
[Round "2.1"]
[White "Arabidze, Meri"]
[Black "Mammadzada, Gunay"]
[Result "1/2-1/2"]
[ECO "D36"]
[WhiteElo "2466"]
[BlackElo "2449"]
[Annotator "TA"]
[PlyCount "106"]
[EventDate "2024.02.26"]
[EventType "team-tourn"]
[EventCountry "GEO"]
[SourceTitle "playchess.com"]
[Source "ChessBase"]
[SourceQuality "1"]
[WhiteTeam "Georgia"]
[BlackTeam "Azerbaijan"]
[WhiteTeamCountry "GEO"]
[BlackTeamCountry "AZE"]
[TimeControl "40/5400+30:1800+30"]

1. Nf3 d5 2. c4 e6 3. d4 Nf6 4. Nc3 c6 5. cxd5 exd5 6. Bg5 Be7 7. Qc2 O-O 8. e3 h6 9. Bh4 Ne4 10. Bxe7 Qxe7 11. Bd3 Re8 12. O-O Bf5 13. Rfe1 Nd7 14. Nd2 Bg6 15. Nf1 Nxc3 16. bxc3 Bxd3 17. Qxd3 b5 18. f3 Nb6 19. e4 dxe4 20. fxe4 Qa3 21. Nd2 (21. Ng3 $14) 21... b4 22. Rac1 Rad8 23. Nb3 Qxa2 24. cxb4 {[%emt 0:00:41][%cal Oc1a1] [#] Threatens to win with Ra1!} Qa4 25. Qc3 Qb5 26. Nc5 (26. Qxc6 Qxb4 27. Qc3 Qxc3 28. Rxc3 a5 $16) (26. Na5 $5) 26... Na4 {[%emt 0:01:42] The position is equal.} 27. Nxa4 Qxa4 28. Ra1 Qb5 29. Rxa7 Qb6 30. Qc5 Qxc5 31. dxc5 $11 {[%emt 0:00:01][%mdl 4096] Endgame. KRR-KRR} Rd4 32. Rb7 Rexe4 33. Rxe4 Rxe4 {[%emt 0:00:03] KR-KR} 34. Kf2 f5 35. Kf3 Kh7 36. h3 h5 37. g3 Kg6 38. h4 Kf6 39. Rb6 Ke5 40. Rxc6 Rxb4 41. Rc7 Rb3+ 42. Kg2 Rb2+ 43. Kf3 Rb3+ 44. Kf2 Rb2+ 45. Ke1 g6 46. Rc6 Rc2 47. Rxg6 Rxc5 48. Rg5 Rc3 49. Kf2 Rc2+ 50. Kf3 Rc3+ 51. Kg2 Ke4 52. Rxh5 f4 53. gxf4 Kxf4 {[%emt 0:00:05] Weighted Error Value: White=0.08 (flawless) /Black=0.05 (flawless) .  Mistake:       	White=1     	---        Inaccurate:     	White=2     	Black=4      OK:         	White=20    	Black=25     Best:        	White=1     	---} 1/2-1/2

[Event "GEO-AZE Women Match 2024"]
[Site "Tbilisi"]
[Date "2024.02.28"]
[Round "2.2"]
[White "Batsiashvili, Nino"]
[Black "Fataliyeva, Ulviyya"]
[Result "1-0"]
[ECO "C58"]
[WhiteElo "2451"]
[BlackElo "2384"]
[Annotator "TA"]
[PlyCount "149"]
[EventDate "2024.02.26"]
[EventType "team-tourn"]
[EventCountry "GEO"]
[SourceTitle "playchess.com"]
[Source "ChessBase"]
[SourceQuality "1"]
[WhiteTeam "Georgia"]
[BlackTeam "Azerbaijan"]
[WhiteTeamCountry "GEO"]
[BlackTeamCountry "AZE"]
[TimeControl "40/5400+30:1800+30"]

1. e4 e5 2. Nf3 Nc6 3. Bc4 Nf6 4. Ng5 d5 5. exd5 Na5 6. Bb5+ c6 7. dxc6 bxc6 8. Bd3 Nd5 9. Nf3 Bd6 10. O-O Nf4 11. Nc3 O-O 12. Be2 c5 13. d3 Nxe2+ 14. Qxe2 Rb8 15. Ne4 Nc6 16. c3 Be7 17. b3 Ba6 18. c4 Bc8 19. Bb2 f6 20. Rad1 Bg4 21. h3 Bh5 22. Ng3 Bf7 23. Nf5 Re8 $1 24. Qe4 Qc8 (24... Qc7 $14) 25. Qg4 $16 g5 (25... Bg6 $16 26. N3h4 Bxf5 27. Nxf5 Bf8) 26. Nh6+ (26. h4 $18 {is the precise move to win.}) 26... Kg7 $16 27. Nxf7 Qxg4 28. hxg4 Kxf7 29. Bc3 Red8 30. Rd2 Rd6 (30... a5 $11 {deserves consideration.}) 31. Rfd1 Bd8 32. Nh2 Ba5 ({Better is} 32... Rd7 $14) 33. Bxa5 $16 Nxa5 34. Nf1 Nc6 35. Ng3 Nd4 36. Ne4 Rc6 37. f3 Rh8 38. Rb1 a5 39. a3 Rb8 40. Rdb2 Ne6 41. b4 Rcb6 $2 (41... cxb4 $16 42. axb4 axb4) 42. b5 $18 (42. Nxc5 $2 {is the wrong capture.} Nxc5 43. Kh1 Nxd3 $19) 42... Rc8 43. Kf2 h5 44. gxh5 f5 45. Nc3 Nf4 46. Rd2 Rd6 {[%emt 0:02:15] [#]} (46... Nxh5 $142 47. Na4 Rbb8) 47. Nd5 (47. g4 $142 $1) 47... Nxd5 $18 48. cxd5 a4 49. b6 Rb8 50. b7 Rxd5 51. Ke2 g4 $2 (51... f4 52. Rb6 Rd7) 52. fxg4 $18 fxg4 53. Rb6 Rd4 54. Ke3 g3 55. Rc2 Rd7 56. Rcb2 Kg7 57. R2b5 Kh7 58. Ke4 Rd4+ 59. Kxe5 Rxd3 60. Rxc5 Rd7 61. Kf4 Rbxb7 62. Rxb7 Rxb7 63. Kxg3 Rb3+ 64. Kh4 Rxa3 65. Rc7+ Kg8 66. Ra7 Ra1 67. g4 a3 68. Kg5 a2 69. Kg6 Kf8 70. g5 Rb1 71. Ra8+ Ke7 72. Rxa2 Rb6+ 73. Kg7 Rb5 74. Re2+ Kd7 75. Kh6 1-0

[Event "GEO-AZE Women Match 2024"]
[Site "Tbilisi"]
[Date "2024.02.28"]
[Round "2.3"]
[White "Javakhishvili, Lela"]
[Black "Beydullayeva, Govhar"]
[Result "1/2-1/2"]
[ECO "E05"]
[WhiteElo "2433"]
[BlackElo "2374"]
[Annotator "TA"]
[PlyCount "46"]
[EventDate "2024.02.26"]
[EventType "team-tourn"]
[EventCountry "GEO"]
[SourceTitle "playchess.com"]
[Source "ChessBase"]
[SourceQuality "1"]
[WhiteTeam "Georgia"]
[BlackTeam "Azerbaijan"]
[WhiteTeamCountry "GEO"]
[BlackTeamCountry "AZE"]
[TimeControl "40/5400+30:1800+30"]

1. d4 Nf6 2. c4 e6 3. g3 d5 4. Nf3 Be7 5. Bg2 O-O 6. O-O dxc4 7. Qc2 a6 8. a4 Bd7 9. Qxc4 Bc6 10. Bf4 Bd6 11. Qc1 a5 12. Nc3 Bxf4 13. Qxf4 Bxf3 14. Bxf3 c6 15. Rfd1 Na6 16. h4 Nb4 17. Rac1 Qe7 {[%emt 0:03:53] The position is equal.} 18. Nb1 Rfd8 19. Na3 Nbd5 {[%emt 0:01:39] A dynamic duo of knights.} 20. Qd2 Nb6 21. Nc4 Nxc4 22. Rxc4 Nd7 23. Qc2 Qd6 {[%emt 0:03:57] A rather calm draw.   Weighted Error Value: White=0.08 (flawless) /Black=0.07 (flawless) .  Inaccurate:     	---       	Black=1      OK:         	White=4     	Black=5} 1/2-1/2

[Event "GEO-AZE Women Match 2024"]
[Site "Tbilisi"]
[Date "2024.02.28"]
[Round "2.4"]
[White "Melia, Salome"]
[Black "Mammadova, Gulnar"]
[Result "1/2-1/2"]
[ECO "C84"]
[WhiteElo "2355"]
[BlackElo "2351"]
[Annotator "TA"]
[PlyCount "96"]
[EventDate "2024.02.26"]
[EventType "team-tourn"]
[EventCountry "GEO"]
[SourceTitle "playchess.com"]
[Source "ChessBase"]
[SourceQuality "1"]
[WhiteTeam "Georgia"]
[BlackTeam "Azerbaijan"]
[WhiteTeamCountry "GEO"]
[BlackTeamCountry "AZE"]
[TimeControl "40/5400+30:1800+30"]

1. e4 e5 2. Nf3 Nc6 3. Bb5 a6 4. Ba4 Nf6 5. O-O Be7 6. d3 b5 7. Bb3 d6 8. a4 Bd7 9. c3 O-O 10. Bc2 b4 11. h3 {[%emt 0:06:00] The position is equal.} Rb8 12. Re1 Re8 13. Nbd2 Bf8 14. a5 bxc3 15. bxc3 h6 16. Nc4 Ne7 17. d4 Ng6 18. d5 c6 (18... Qc8 $11) 19. Nb6 $14 Qc7 20. c4 c5 21. Nh2 Be7 22. Nf1 Rf8 23. Ne3 Bd8 24. Nf5 Bxf5 (24... Ne7 $16) 25. exf5 $18 Ne7 {[%emt 0:00:00] Black is weak on the light squares} 26. f4 (26. h4 $18) 26... exf4 $14 27. Bxf4 Nc8 28. Nxc8 Rxc8 29. Ra3 (29. Qd2 $5) 29... Kh8 (29... Rb8 $14) 30. Qd2 $16 Nh7 31. Kh1 ({White should try} 31. Rb3 $16) 31... Bf6 $1 $14 32. Rb3 Rb8 {[%emt 0:00:00] Against Rb6} 33. Reb1 Rxb3 34. Rxb3 Rb8 {[%emt 0:00:00] Prevents Rb6.} 35. Qe1 Nf8 36. Rxb8 Qxb8 37. Ba4 Bd4 38. Kh2 Kg8 39. h4 f6 (39... Nh7 {simplifies} 40. Qe8+ Qxe8 41. Bxe8 Nf6) 40. Qe8 Qb1 {[%emt 0:00:00] [#] ...Bg1+ would now be deadly.} 41. Qe2 {[%emt 0:23:26] Active counter play!} (41. Bxd6 Bg1+ 42. Kh1 (42. Kg3 $2 Qd3+ 43. Kg4 h5+ 44. Qxh5 Qe2+ 45. Kh3 Qxh5 $19) 42... Bf2+ 43. Kh2 Qg1+ (43... Bg1+ $2 44. Kh1 $19) 44. Kh3 Qh1+ 45. Bh2 Bg1 $19) 41... Be5 42. Bxe5 fxe5 $11 {[%emt 0:01:15][%mdl 4096] Endgame. KQB-KQN} 43. Qg4 Kf7 (43... Nh7 $5 44. f6 $8 Nxf6 45. Qc8+ Kh7 $11) 44. Qh5+ Kg8 45. Be8 Qb7 {[%emt 0:00:56] Inhibits Qf7+.} (45... Nh7 $11 {remains equal.}) 46. Bc6 (46. f6 $1 $16) 46... Qe7 47. Kh3 Qf6 48. Qf3 Qd8 {[%emt 0:00:44] Weighted Error Value: White=0.15 (very precise) /Black=0.14 (very precise) .  Mistake:       	White=3     	Black=4      Inaccurate:     	White=2     	Black=1      OK:         	White=12    	Black=15     Best:        	White=1     	Black=3      Strong:       	---       	Black=1} 1/2-1/2